 Dungeon Crawl Stone Soup version 0.31.0-9-g3a7656b989 (webtiles) character file.

Game seed: 4645010060494275456

44 qw the Shooter (level 3, 0/20 HPs)
             Began as a Deep Elf Hunter on Feb 2, 2024.
             Slain by an adder (1 damage)
             ... on level 3 of the Dungeon.
             The game lasted 00:00:04 (1106 turns).

qw the Shooter (Deep Elf Hunter)                    Turns: 1106, Time: 00:00:05

Health: 0/20       AC:  6    Str: 10    XL:     3   Next: 39%
Magic:  5/5        EV: 11    Int: 13    God:
Gold:   64         SH:  0    Dex: 18    Spells: 2/2 levels left

rFire   . . .        a - +1 shortbow
rCold   + + .        (shield currently unavailable)
rNeg    . . .        p - +0 ring mail
rPois   .            (no helmet)
rElec   .            (no cloak)
rCorr   .            m - +0 pair of gloves
SInv    .            (no boots)
Will    .....        (no amulet)
Stlth   +            k - ring of protection from cold
HPRegen 0.23/turn    c - ring of protection from cold
MPRegen 0.09/turn

%: no passive effects
@: no status effects
A: no striking features
a: no special abilities


You were on level 3 of the Dungeon.
You visited 1 branch of the dungeon, and saw 3 of its levels.

You collected 64 gold pieces.


   Skills:
 - Level 1.5 Fighting
 + Level 7.0 Ranged Weapons
 - Level 2.4 Dodging
 - Level 1.2 Stealth


You had 2 spell levels left.
You didn't know any spells.
Your spell library was empty.

Inventory:

Hand Weapons
 a - a +1 shortbow (weapon)
Armour
 m - a +0 pair of gloves (worn)
 p - a +0 ring mail (worn)
Jewellery
 c - a ring of protection from cold (right hand)
 k - a ring of protection from cold (left hand)
Potions
 e - a potion of curing
 f - a potion of haste
 j - a potion of might

Dungeon Overview and Level Annotations

Branches:
Dungeon (3/15)

Altars:

Portals:
Sewer: D:3


Message History

The ball python bites you but does no damage.
The ball python misses you. The river rat barely misses you.
The ball python bites you but does no damage.
The ball python grabs you. The ball python constricts you.
The river rat closely misses you.
There is a stone staircase leading up here.
You shoot an arrow. The arrow hits the ball python!
You kill the ball python!
The hobgoblin hits you but does no damage.
The river rat closely misses you.
Your Ranged Weapons skill increases to level 7!
You shoot an arrow. The arrow hits the adder.
The adder is lightly wounded.
The adder barely misses you. The hobgoblin hits you.
The river rat closely misses you. The adder completely misses you.
You shoot an arrow. The arrow closely misses the adder.
The adder bites you.
You are poisoned.
The adder poisons you!
The hobgoblin hits you but does no damage.
The river rat barely misses you.
You shoot an arrow. The arrow closely misses the adder.
You feel sick. The adder bites you but does no damage.
The hobgoblin misses you. The river rat bites you. The adder bites you.
You shoot an arrow. The arrow barely misses the adder.
You feel sick. The hobgoblin hits you.
The river rat bites you but does no damage.
The adder bites you but does no damage.
A goblin comes into view. It is wielding a +0 dagger.
The river rat bites you. The hobgoblin closely misses you.
You shoot an arrow. The arrow barely misses the adder.
You feel sick.
You are no longer poisoned.
The adder bites you but does no damage. x2
The hobgoblin hits you but does no damage.
The river rat closely misses you.
You shoot an arrow. The arrow hits the adder.
The adder is heavily wounded.
The adder bites you.
You die...

#...~~~...#
#..~~~~~..##
#..~~\~~...#
...~~~~~...#
#...~~~....#
#..........#
#.....g.S..#
.....gr@#
#####.### #


You could see an adder, a river rat, a hobgoblin and a goblin.

Vanquished Creatures
  A river rat (D:2)
  A ribbon worm (D:2)
  5 bats
  An endoplasm (D:1)
  2 giant cockroaches
  3 goblins (D:1)
  5 hobgoblins
  A kobold (D:2)
  A quokka (D:1)
  6 ball pythons
  A frilled lizard (D:2)
  2 rats
29 creatures vanquished.

Notes
Turn   | Place    | Note
-------+----------+-------------------------------------------
     0 | D:1      | qw the Deep Elf Hunter began the quest for the Orb.
     0 | D:1      | Reached XP level 1. HP: 12/12 MP: 3/3
     0 | D:1      | 0 ||| qw: Version: 0.3-a-155-g5e7d8dd
     0 | D:1      | 0 ||| qw: Game counter: 2603
     0 | D:1      | 0 ||| qw: Melee chars always use a shield: true
     0 | D:1      | 0 ||| qw: God list: Okawaru
     0 | D:1      | 0 ||| qw: Allow faded altars: false
     0 | D:1      | 0 ||| qw: Do Orc after clearing Dungeon:15 true
     0 | D:1      | 0 ||| qw: Do second Lair branch before Depths: true
     0 | D:1      | 0 ||| qw: Lair rune preference: random
     0 | D:1      | 0 ||| qw: Goals: Normal
     0 | D:1      | 0 ||| PLANNING D:1-11
    49 | D:1      | Reached XP level 2. HP: 16/16 MP: 4/4
    96 | D:1      | Reached skill level 6 in Ranged Weapons
   554 | D:1      | 554 ||| UPGRADING to +0 pair of gloves.
   559 | D:1      | 559 ||| UPGRADING to +0 ring mail.
   569 | D:1      | 569 ||| DROPPING +0 leather armour.
   570 | D:1      | 570 ||| UPGRADING to ring of protection from cold.
   571 | D:1      | 571 ||| READING scroll labelled PEINAR ERIUT.
   572 | D:1      | 572 ||| READING scroll labelled HEACO CYCRU.
   573 | D:1      | 573 ||| READING scroll labelled SANNI MIAQ.
   574 | D:1      | 574 ||| READING scroll labelled KEOSTY AFAETOU.
   575 | D:1      | 575 ||| READING scroll labelled MORY LEUJEZUE.
   575 | D:1      | 575 ||| IDENTIFYING 2 golden potions
   576 | D:1      | 576 ||| READING scroll labelled JATATH BUDAYSK.
   576 | D:1      | 576 ||| ENCHANTING +0 shortbow.
   577 | D:1      | 577 ||| READING scroll labelled ZYBUMU EGRI.
   581 | D:1      | 581 ||| DRINKING 2 smoky coppery potions.
   582 | D:1      | 582 ||| DRINKING 2 metallic coppery potions.
   583 | D:1      | 583 ||| DROPPING scroll of butterflies.
   584 | D:1      | 584 ||| DROPPING 2 potions of attraction.
   585 | D:1      | 585 ||| DROPPING potion of brilliance.
   613 | D:2      | 613 ||| STAIRDANCE
   618 | D:2      | 618 ||| STAIRDANCE
   971 | D:2      | Reached XP level 3. HP: 20/20 MP: 5/5
  1051 | D:2      | 1051 ||| UPGRADING to ring of protection from cold.
  1052 | D:2      | 1052 ||| READING 3 scrolls of identify.
  1052 | D:2      | 1052 ||| IDENTIFYING bubbling sapphire potion
  1053 | D:2      | 1053 ||| READING 2 scrolls of identify.
  1053 | D:2      | 1053 ||| IDENTIFYING cyan potion
  1054 | D:2      | 1054 ||| READING scroll of identify.
  1054 | D:2      | 1054 ||| IDENTIFYING scroll labelled JIUMPEXTYPP
  1055 | D:2      | 1055 ||| DROPPING scroll of torment.
  1075 | D:3      | Found a glowing drain.
  1076 | D:3      | 1076 ||| PLANNING SEWER
  1077 | D:3      | 1077 ||| STAIRDANCE
  1082 | D:3      | 1082 ||| STAIRDANCE
  1101 | D:3      | Reached skill level 7 in Ranged Weapons
  1104 | D:3      | HP: 5/20 [hobgoblin (1)]
  1104 | D:3      | HP: 2/20 [river rat (3)]
  1106 | D:3      | Slain by an adder

Levels and vault maps discovered:
D:1:      dpeg_arrival_tiny_c, layout_loops_cross, minmay_pentomino_s4
D:2:      layout_loops_ring
D:3:      layout_basic, nicolae_qazlal_scattered_showers, portal_sewer_entry_a,
          small_statue_intersection

Skill      XL: |  1  2  3 |
---------------+----------+-----
Ranged Weapons | 6 7 |  7.0
Fighting       | |  1.5
Dodging        | |  2.4
Stealth        | |  1.2

Action                     || total
---------------------------++-------
   Fire: Shortbow          ||    69
    Use: Scroll            ||    10
         Potion            ||     2
 Armour: Ring mail         ||    34
         Leather armour    ||     1
  Dodge: Dodged            ||    35

Table legend:
 A = Non-vault XP
 B = Vault XP
 C = Vault XP percentage of total XP
 D = Non-vault monster count
 E = Vault monster count
 F = Vault count percentage of total count
                 A         B        C        D         E       F
            +---------+---------+-------+---------+---------+-------
      Total |      43 |      20 |  31.7 |      24 |       5 |  17.2
            +---------+---------+-------+---------+---------+-------
        D:1 |      29 |       0 |   0.0 |      17 |       0 |   0.0
        D:2 |      14 |      18 |  56.2 |       7 |       4 |  36.4
        D:3 |       0 |       2 | 100.0 |       0 |       1 | 100.0
            +---------+---------+-------+---------+---------+-------
